 Dungeon Crawl Stone Soup version 0.31-a0-339-gda1cbd555d (webtiles) character file.

Game seed: 10298668972432323685

1583755 GordonOverkill the Gnoll Blade (level 27, 169/238 (247) HPs)
             Began as a Gnoll Conjurer on July 14, 2023.
             Was an Elder of Ashenzari.
             Escaped with the Orb
             ... and 4 runes on July 20, 2023!
             The game lasted 07:05:04 (151207 turns).

GordonOverkill the Gnoll Blade (Gnoll Conjurer)   Turns: 151207, Time: 07:05:05

HP:   169/238 (247) AC: 17    Str: 15    XL:     27
MP:   40/49         EV: 19    Int: 38    God:    Ashenzari [****..]
Gold: 3037          SH: 12    Dex: 10    Spells: 6/74 levels left

rFire   + . .        R - staff of Ashenzari's Sorrow (curse) {rCorr Int+6 Earth, Bglg, Elem} (curse)
rCold   . . .        A - +0 buckler "Kaca" {rPois Str+4 Int+3}
rNeg    + . .        m - +2 robe of Ashenzari's Repose {rF+, Self, Elem} (curse)
rPois   +            e - +0 helmet of the Doldrums {MP+9 Str+3 SInv}
rElec   +            s - +2 cloak of the Tethered Annoyance {rPois, Self, Dev} (curse)
rCorr   +            z - +2 pair of gloves of the Shattered Shame {Melee, Elem} (curse)
SInv    +            Y - +0 pair of boots of Panopticon {rElec rN+ Will+ Str-4, Elem, Alch} (curse)
Will    ++++.        P - amulet "Elysian Gnosis" {RegenMP, Elem, Self} (curse)
Stlth   +++          V - ring of Cakuak {Wiz Slay+3}
HPRegen 0.59/turn    p - ring of Ashenzari's Stars {Will+, Self, Dev} (curse)
MPRegen 0.71/turn

%: clarity, wizardry (x1)
@: studying Fighting, lightly drained
A: fangs 1, strong nose, distributed training, talons 1, large bone plates 1,
low MP 2, strong 1
0: Orb of Zot
}: 4/15 runes: barnacled, slimy, silver, gossamer
a: Renounce Religion, Curse Item, Shatter the Chains


You escaped.
You worshipped Ashenzari.
Ashenzari was greatly pleased with you.
You visited 10 branches of the dungeon, and saw 52 of its levels.
You visited 1 bazaar.
You also visited: Ossuary.

You collected 8283 gold pieces.
You spent 5246 gold pieces at shops.

Inventory:

Missiles
 q - 3 silver javelins
 N - 6 throwing nets
Armour
 c - a scarf of resistance
 e - the +0 helmet of the Doldrums (worn) {MP+9 Str+3 SInv}
   (You acquired it on level 4 of the Realm of Zot)

   Str:       It affects your strength (+3).
   MP:        It affects your magic capacity (+9).
   SInv:      It lets you see invisible.
 m - the cursed +2 robe of Ashenzari's Repose (worn) {rF+, Self, Elem}
   (You took it off Jorgrun on level 3 of the Spider Nest)

   It has a curse which improves the following skills: Introspection: Fighting
   and Spellcasting.
   Elements:  Fire Magic, Ice Magic, Air Magic and Earth Magic.
 s - the cursed +2 cloak of the Tethered Annoyance (worn) {rPois, Self, Dev}
   (You bought it in a shop on level 2 of the Shoals)

   rPois:     It protects you from poison.
   It has a curse which improves the following skills: Introspection: Fighting
   and Spellcasting.
   Devices:   Evocations and Shapeshifting.
 u - a +1 cloak of willpower
 z - the cursed +2 pair of gloves of the Shattered Shame (worn) {Melee, Elem}
   (You found it on level 13 of the Dungeon)

   It has a curse which improves the following skills: Melee Combat: Short
   Blades, Long Blades, Axes, Maces & Flails, Polearms, Staves and Unarmed
   Combat.
   Elements:  Fire Magic, Ice Magic, Air Magic and Earth Magic.
 A - the +0 buckler "Kaca" (worn) {rPois Str+4 Int+3}
   (You found it on level 5 of the Pits of Slime)

   Str:       It affects your strength (+4).
   Int:       It affects your intelligence (+3).
   rPois:     It protects you from poison.
 L - a +2 robe of resistance
 W - a +2 kite shield of reflection
 Y - the cursed +0 pair of boots of Panopticon (worn) {rElec rN+ Will+ Str-4, Elem, Alch}
   (You found it on level 4 of the Shoals)

   Str:       It affects your strength (-4).
   rElec:     It insulates you from electricity.
   rN:        It protects you from negative energy.
   Will:      It increases your willpower.
   It has a curse which improves the following skills: Elements: Fire Magic, Ice
   Magic, Air Magic and Earth Magic.
   Alchemy:   Poison Magic and Transmutations.
Magical Staves
 R - the cursed staff of Ashenzari's Sorrow (weapon) {rCorr Int+6 Earth, Bglg, Elem}
   (You found it on level 1 of the Depths)

   [staff of earth]

   Base accuracy: +5 Base damage: 5 Base attack delay: 1.2 This weapon's minimum
   attack delay (0.6) is reached at skill level 12.
   Int:       It affects your intelligence (+6).
   rCorr:     It protects you from acid and corrosion.
   Earth:     It increases the power of your Earth spells.
   It falls into the 'Staves' category.
   It is a one-handed weapon.
   It has a curse which improves the following skills: Beguiling: Conjurations,
   Hexes and Translocations.
   Elements:  Fire Magic, Ice Magic, Air Magic and Earth Magic.
Jewellery
 p - the cursed ring of Ashenzari's Stars (right hand) {Will+, Self, Dev}
   (You took it off a kobold on level 3 of the Dungeon)

   [ring of willpower]

   Will:      It increases your willpower.
   It has a curse which improves the following skills: Introspection: Fighting
   and Spellcasting.
   Devices:   Evocations and Shapeshifting.
 O - a ring of willpower
 P - the cursed amulet "Elysian Gnosis" (around neck) {RegenMP, Elem, Self}
   (You took it off a vault sentinel on level 2 of the Vaults)

   [amulet of magic regeneration]

   It increases your rate of magic regeneration.
   It has a curse which improves the following skills: Elements: Fire Magic, Ice
   Magic, Air Magic and Earth Magic.
   Introspection: Fighting and Spellcasting.
 U - the ring of Xecepi {rElec rF+ Int+5}
   (You bought it in a shop on level 2 of the Orcish Mines)

   [ring of protection from fire]

   Int:       It affects your intelligence (+5).
   rF:        It protects you from fire.
   rElec:     It insulates you from electricity.
 V - the ring of Cakuak (left hand) {Wiz Slay+3}
   (You found it on level 5 of the Pits of Slime)

   [ring of wizardry]

   It improves your spell success rate.
   Slay:      It affects your accuracy & damage with ranged weapons and melee
   (+3).
Talismans
 a - a granite talisman
 k - a dragon-blood talisman
Wands
 t - a wand of digging (16)
 B - a wand of roots (39)
 E - a wand of mindburst (27)
 K - a wand of acid (30)
 T - a wand of paralysis (2)
Scrolls
 d - 12 scrolls of revelation
 i - a scroll of silence
 o - 10 scrolls of vulnerability
 r - 6 scrolls of enchant armour
 y - 8 scrolls of fog
 D - 5 scrolls of amnesia
 G - a scroll of butterflies
 I - 5 scrolls of poison
 M - 7 scrolls of teleportation
Potions
 b - 2 potions of magic
 f - 4 potions of haste
 g - 22 potions of curing
 j - 8 potions of enlightenment
 n - 6 potions of might
 v - 2 potions of invisibility
 w - 2 potions of brilliance
 x - 5 potions of lignification
 C - 7 potions of mutation
 F - 4 potions of cancellation
 H - 8 potions of resistance
 Q - 2 potions of heal wounds
 X - 6 potions of ambrosia
 Z - 2 potions of berserk rage
Miscellaneous
 h - a phial of floods
 l - a lightning rod (4/4)
 J - a box of beasts
 S - a phantom mirror


   Skills:
 + Level 22.8(26.7) Fighting
 + Level 19.7(21.3) Short Blades
 + Level 25.4(26.9) Long Blades
 + Level 19.7(21.3) Axes
 + Level 19.7(21.3) Maces & Flails
 + Level 19.7(21.3) Polearms
 + Level 19.7(21.3) Staves
 + Level 19.7 Ranged Weapons
 + Level 19.7 Throwing
 + Level 19.7 Armour
 + Level 20.1 Dodging
 + Level 20.1 Stealth
 + Level 19.7 Shields
 + Level 19.7(21.3) Unarmed Combat
 + Level 20.2(24.2) Spellcasting
 + Level 18.1(19.7) Conjurations
 + Level 16.8(18.5) Hexes
 + Level 16.8 Summonings
 + Level 16.8 Necromancy
 + Level 16.8(18.5) Translocations
 + Level 16.8(18.5) Transmutations
 + Level 16.8(21.7) Fire Magic
 + Level 16.8(21.7) Ice Magic
 + Level 16.8(21.7) Air Magic
 + Level 16.8(21.7) Earth Magic
 + Level 16.8(18.5) Poison Magic
 + Level 21.3 Invocations
 + Level 25.2(27) Evocations
 + Level 16.8(19.4) Shapeshifting


You had 6 spell levels left.
You knew the following spells:

 Your Spells              Type           Power      Damage    Failure   Level
a - Maxwell's Capacitive  Air            59%        ∞         1%          8
b - Borgnjor's Vile Clut  Necr/Erth      69%        N/A       0%          5
c - Shatter               Erth           71%        3d52*     2%          9
d - Fulminant Prism       Conj/Hex       56%        3d24      0%          4
e - Slow                  Hex            100%       N/A       0%          1
f - Ensorcelled Hibernat  Hex/Ice        100%       N/A       0%          2
g - Teleport Other        Tloc           100%       N/A       0%          3
h - Leda's Unmaking       Conj/Erth      70%        9d11      0%          6
i - Airstrike             Air            59%        2d(9-25)  0%          4
j - Lehudib's Crystal Sp  Conj/Erth      70%        10d16     1%          8
k - Fire Storm            Conj/Fire      58%        8d15      4%          9
l - Chain Lightning       Conj/Air       58%        3d78      4%          9

Your spell library contained the following spells:

 Spells                   Type           Power      Damage    Failure   Level
 Apportation              Tloc           100%       N/A       0%          1
 Freeze                   Ice            100%       1d10      0%          1
 Kiss of Death            Conj/Necr      100%       2d13      0%          1
 Magic Dart               Conj           100%       1d8       0%          1
 Necrotise                Necr           100%       1d9       0%          1
 Call Imp                 Summ           100%       N/A       0%          2
 Lesser Beckoning         Tloc           100%       N/A       0%          2
 Poisonous Vapours        Pois/Air       100%       N/A       0%          2
 Scorch                   Fire           100%       2d9       0%          2
 Searing Ray              Conj           100%       2d8       0%          2
 Static Discharge         Conj/Air       100%       2-7/arc   0%          2
 Confusing Touch          Hex            100%       N/A       0%          3
 Dazzling Flash           Conj/Hex       100%       N/A       0%          3
 Frozen Ramparts          Ice            100%       1d16      0%          3
 Gell's Gravitas          Tloc           100%       N/A       0%          3
 Hailstorm                Conj/Ice       100%       3d20      0%          3
 Ignite Poison            Fire/Tmut/Pois 100%       N/A       0%          3
 Mephitic Cloud           Conj/Pois/Air  100%       N/A       0%          3
 Ozocubu's Armour         Ice            100%       N/A       0%          3
 Portal Projectile        Hex/Tloc       100%       N/A       0%          3
 Stone Arrow              Conj/Erth      100%       3d13      0%          3
 Summon Guardian Golem    Hex/Summ       100%       N/A       0%          3
 Tukima's Dance           Hex            100%       N/A       0%          3
 Vampiric Draining        Necr           100%       2d13      0%          3
 Vhi's Electric Charge    Tloc/Air       100%       N/A       0%          3
 Anguish                  Hex/Necr       55%        N/A       0%          4
 Animate Armour           Summ/Erth      100%       N/A       0%          4
 Animate Dead             Necr           100%       N/A       0%          4
 Dispel Undead            Necr           100%       3d31      0%          4
 Flame Wave               Conj/Fire      100%       2d21      0%          4
 Iskenderun's Mystic Bla  Conj/Tloc      100%       2d19      0%          4
 Leda's Liquefaction      Hex/Erth       70%        N/A       0%          4
 Olgreb's Toxic Radiance  Pois           100%       N/A       0%          4
 Petrify                  Tmut/Erth      100%       N/A       0%          4
 Sticky Flame             Conj/Fire      100%       2d11      0%          4
 Summon Ice Beast         Ice/Summ       100%       N/A       0%          4
 Summon Lightning Spire   Summ/Air       100%       N/A       0%          4
 Agony                    Necr           100%       N/A       0%          5
 Alistair's Intoxication  Tmut/Pois      74%        N/A       0%          5
 Arcjolt                  Conj/Air       58%        1d68      0%          5
 Fireball                 Conj/Fire      58%        3d22      0%          5
 Freezing Cloud           Conj/Ice/Air   58%        6-21      0%          5
 Iskenderun's Battlesphe  Conj           100%       2d15      0%          5
 Lee's Rapid Deconstruct  Erth           71%        3d32*     0%          5
 Metabolic Englaciation   Hex/Ice        57%        N/A       0%          5
 Summon Forest            Summ/Tloc      55%        N/A       0%          5
 Summon Mana Viper        Hex/Summ       100%       N/A       0%          5
 Conjure Ball Lightning   Conj/Air       58%        3x3d21    0%          6
 Dispersal                Tloc           56%        N/A       1%          6
 Eringya's Noxious Bog    Tmut/Pois      56%        4d6       1%          6
 Simulacrum               Ice/Necr       56%        N/A       1%          6
 Summon Cactus Giant      Summ           54%        N/A       1%          6
 Haunt                    Necr/Summ      54%        N/A       1%          7
 Malign Gateway           Summ/Tloc      55%        N/A       1%          7
 Monstrous Menagerie      Summ           54%        N/A       1%          7
 Orb of Destruction       Conj           57%        9d14      1%          7
 Ozocubu's Refrigeration  Ice            59%        4d20      1%          7
 Spellforged Servitor     Conj/Summ      55%        N/A       1%          7
 Summon Hydra             Summ           54%        N/A       1%          7
 Borgnjor's Revivificati  Necr           54%        N/A       1%          8
 Discord                  Hex            56%        N/A       1%          8
 Disjunction              Tloc           56%        N/A       1%          8
 Ignition                 Fire           59%        3d16      1%          8
 Infestation              Necr           54%        N/A       1%          8
 Summon Horrible Things   Summ           54%        N/A       1%          8
 Polar Vortex             Ice            59%        12d7*     2%          9
 Death's Door             Necr           54%        N/A       21%         9


Dungeon Overview and Level Annotations

Branches:
Dungeon (15/15)            Temple (0/1) D:6            Lair (5/5) D:10
 Shoals (4/4) Lair:3       Spider (4/4) Lair:3        Slime (5/5) Lair:5
    Orc (2/2) D:12            Elf (3/3) Orc:2        Vaults (5/5) D:14
  Crypt (0/3) Vaults:2     Depths (4/4) D:15            Zot (5/5) Depths:4
Ossuary (visited)

Altars:
Ashenzari
Cheibriados
Gozag
Hepliaklqana
Ru
Sif Muna
Vehumet
Wu Jian
Xom
Zin
Jiyva
Lugonu

Shops:
D:1 :   D:7 (   D:10 (   Orc:2 [(=!*   Elf:2 ::=   Shoals:2 [   Shoals:3 *
Vaults:1 (   Vaults:2 :   Vaults:3 :

Portals:
Hell: Depths:1 Depths:2 Depths:3 Depths:4
Abyss: Lair:5 Depths:3
Pandemonium: Orc:2 Depths:2
Ziggurat: Depths:3
Trove: D:13 (give 17 potions of curing)

Annotations:
D:4 3 runed translucent doors, blacky4's ghost, amateur OpSh
Spider:1 Roxanne
Elf:1 Asepniucs's ghost, adept DrSh; Deamich's ghost, journeyman DsBr; Olga's ghost, adept DsWn; Siff's ghost, journeyman OpFE
Vaults:1 Olga's ghost, adept BaSh
Depths:1 1 runed translucent door


Innate Abilities, Weirdness & Mutations

You have very sharp teeth.
Your uncanny sense of smell can sniff out nearby items.
Your experience applies equally to all skills.
You have sharp toenails.
You are partially covered in large bone plates. (SH +4)
Your magical capacity is very low. (-20% MP)
Your muscles are strong. (Str +4, Int/Dex -1)


Message History

Zoprityq is lightly wounded.
The zombie hands constrict Zoprityq.
Zoprityq barely misses you. Zoprityq hits you! You partially resist.
You feel drained.
Casting: Lehudib's Crystal Spear (mildly dangerous; 1% risk of failure)
Confirm with . or Enter, or press ? or * to list all spells.
Aiming: Lehudib's Crystal Spear (mildly dangerous; 1% risk of failure)
Press: ? - help, Shift-Dir - straight line, f/p - Zoprityq
Aim: Zoprityq, armed with a draining touch (lightly wounded, constricted by zombie hands, 95% to hit)
You feel a surge of power!
The crystal spear hits Zoprityq!!!
Zoprityq is heavily wounded.
The zombie hands constrict Zoprityq!
Zoprityq hits you!! You partially resist.
You feel drained. Zoprityq hits you! You partially resist.
You feel drained.
Casting: Lehudib's Crystal Spear (mildly dangerous; 1% risk of failure)
Confirm with . or Enter, or press ? or * to list all spells.
Aiming: Lehudib's Crystal Spear (mildly dangerous; 1% risk of failure)
Press: ? - help, Shift-Dir - straight line, f/p - Zoprityq
Aim: Zoprityq, armed with a draining touch (heavily wounded, constricted by zombie hands, 95% to hit)
You feel a surge of power!
The crystal spear hits Zoprityq!!!!
Zoprityq is severely wounded.
The zombie hands constrict Zoprityq!
Zoprityq hits you!!
* * * LOW HITPOINT WARNING * * *
You partially resist.
You feel drained.
* * * LOW HITPOINT WARNING * * *
Casting: Lehudib's Crystal Spear (mildly dangerous; 1% risk of failure)
Confirm with . or Enter, or press ? or * to list all spells.
Aiming: Lehudib's Crystal Spear (mildly dangerous; 1% risk of failure)
Press: ? - help, Shift-Dir - straight line, f/p - Zoprityq
Aim: Zoprityq, armed with a draining touch (severely wounded, constricted by zombie hands, 95% to hit)
You feel a surge of power!
The crystal spear hits Zoprityq!!!!
Zoprityq is almost dead.
The zombie hands constrict Zoprityq!
You kill Zoprityq!
Unknown command.
There is an open door here.
There is an open door here.
There is an open door here.
There is a staircase leading out of the dungeon here.
You start resting.
An Orb Guardian comes into view.
You have escaped!

#### ####
##..##########X.##
#....#......'...@#
#....#......#....#
##..##########..##
.#'##........#'##
.#..#..P.....#..#
.#..#.P.P....#..#
.#..#....P.P.#..#
.#..#.P.P.P..#..#
.#..#..P...P.#..#


You could see an Orb Guardian.

Vanquished Creatures
  Dissolution (Slime:3)
  the Royal Jelly (Slime:5)
  A pandemonium lord (D:1)
  4 dread liches (Zot:5)
  7 ancient liches
  2 orbs of fire (Zot:5)
  A juggernaut (Depths:3)
  Boris (4 times) (Vaults:4 Depths:2 Vaults:5 Zot:4)
  Vv (Zot:2)
  Frederick (Vaults:5)
  4 Killer Klowns
  Saint Roka (Depths:1)
  4 caustic shrikes
  9 golden dragons
  Nikola (Shoals:1)
  Jory (Vaults:5)
  A Tzitzimitl (D:11)
  2 Brimstone Fiends
  4 electric golems
  A Hell Sentinel (Zot:3)
  Rupert (D:12)
  20 tentacled monstrosities
  An Ice Fiend (D:12)
  25 Orb Guardians (Zot:5)
  2 liches
  3 titans
  3 deep elf blademasters
  2 deep elf master archers (Elf:3)
  Polyphemus (Shoals:2)
  25 acid blobs
  10 quicksilver dragons
  The ghost of Rorax the Warrior, an adept OpVM of Qazlal (Depths:1)
  A kraken (Shoals:2)
  19 storm dragons
  10 tengu reavers
  12 shadow dragons
  Donald (Vaults:4)
  A sphinx (Vaults:5)
  10 rockslimes
  11 death cobs
  5 azure jellies
  11 draconian monks
  6 draconian knights
  Kirke (Lair:5)
  10 frost giants
  12 fire giants
  2 balrugs
  A fire giant (shapeshifter) (Depths:1)
  17 vault wardens
  5 deep elf sorcerers
  Louise (Elf:3)
  6 emperor scorpions (Spider:4)
  9 ghost moths
  3 orc warlords
  7 draconian stormcallers
  13 draconian shifters
  6 draconian scorchers
  A cacodemon (D:13)
  2 deep elf elementalists (Elf:3)
  The ghost of tensugalgo the Marksminotaur, a journeyman MiHs of Fedhas (D:13)
  4 draconian annihilators
  10 broodmothers
  21 ironbound preservers
  13 very ugly things
  13 quicksilver oozes
  2 spriggan defenders
  19 stone giants
  13 ironbound thunderhulks
  7 formless jellyfish
  4 war gargoyles
  16 green draconians
  9 deep elf annihilators
  2 vampire knights
  11 black draconians
  4 deep elf demonologists
  12 purple draconians
  Nessos (Lair:3)
  16 white draconians
  14 red draconians
  17 yellow draconians
  11 dire elephants
  11 spark wasps
  5 deep elf death magi
  A crystal guardian (Vaults:1)
  20 ettins
  An ettin (shapeshifter) (Depths:3)
  A green death (Depths:2)
  12 yaktaur captains
  4 merfolk javelineers
  13 fire dragons
  8 merfolk impalers
  14 great orbs of eyes
  Josephine (Shoals:1)
  A spectral spriggan (Depths:1)
  7 deep elf high priests
  The ghost of Tinttamiau the Thaumaturge, a journeyman NaHW of Dithmenos (Lair:1)
  7 entropy weavers
  4 ice dragons
  A peacekeeper (Vaults:1)
  4 rakshasas
  41 vault guards
  3 demonspawn
  A juggernaut simulacrum (Depths:1)
  5 merfolk avatars
  8 hydras
  A spectral sphinx (Depths:1)
  7 radroaches
  7 ironbound frosthearts
  A hell beast (Zot:5)
  Erica (D:9)
  4 ogre magi
  Erolcha (D:9)
  3 jorogumos
  3 spriggan air magi
  24 centaur warriors
  2 catoblepae
  2 death knights (D:13)
  A merfolk aquamancer (Shoals:4)
  8 two-headed ogres
  2 alligator snapping turtles
  31 dancing weapons
  A death scarab (Spider:1)
  4 deep troll shamans
  10 boulder beetles
  A vampire mage (Depths:1)
  5 tengu warriors
  7 spriggan berserkers
  2 death yaks
  7 deep troll earth magi
  4 thrashing horrors (Lair:5)
  A spectral storm dragon (Depths:1)
  5 orc high priests (Orc:2)
  2 soul eaters
  4 demonic crawlers
  16 deep elf knights
  A skyshark (shapeshifter) (Vaults:5)
  4 sun demons
  3 skysharks
  6 hell knights
  5 sixfirhies
  A sun moth (Spider:4)
  70 deep trolls
  6 pharaoh ants
  16 iron trolls
  14 sea snakes
  17 deep elf archers
  8 wizards
  6 glowing orange brains
  2 necromancers
  2 lindwurms
  17 orc knights
  8 orb spiders
  Pikel (D:9)
  15 ironbound convokers
  A lindwurm (shapeshifter) (Vaults:5)
  A spriggan simulacrum (Depths:1)
  4 steelbarb worms
  26 harpies
  31 deep elf pyromancers
  29 deep elf zephyrmancers
  5 phantasmal warriors
  8 orc sorcerers
  25 wolf spiders
  9 fauns
  43 ugly things
  6 mana vipers (Depths:1)
  20 manticores
  9 shining eyes
  7 cyclopes
  A moth of wrath (shapeshifter) (Depths:3)
  26 elephants
  46 moths of wrath
  2 large abominations (Lair:5)
  A frost giant skeleton (Vaults:1)
  6 merfolk sirens
  3 rust devils
  A titan simulacrum (Depths:1)
  10 water nymphs
  An eye of devastation (Slime:5)
  22 vault sentinels
  11 torpor snails
  5 gargoyles
  6 black mambas
  A guardian serpent (shapeshifter) (Lair:5)
  5 smoke demons
  10 cane toads
  Maggie (D:8)
  3 orange demons
  An efreet (Zot:2)
  31 yaktaurs
  2 kobold demonologists
  5 rime drakes
  4 tengu conjurers
  9 komodo dragons
  2 red devils (D:13)
  2 freezing wraiths
  A komodo dragon (shapeshifter) (D:13)
  2 ice devils
  2 ancient zymes
  3 polar bears
  7 wind drakes
  31 merfolk
  Prince Ribbit (D:7)
  A golden dragon simulacrum (Depths:1)
  8 trolls
  10 meliai
  36 tarantellas
  5 hornets
  An iron dragon simulacrum (Depths:1)
  30 blink frogs
  14 dream sheep
  8 snapping turtles
  A stone giant simulacrum (Vaults:1)
  27 jumping spiders
  9 shadows
  156 slime creatures
  6 air elementals
  10 water elementals
  4 wyverns
  31 culicivoras
  59 yaks
  5 ynoxinuls
  10 basilisks
  2 elf skeletons (Vaults:1)
  8 wraiths
  5 spriggans
  Grum (Lair:1)
  2 steam dragons
  3 fire elementals
  2 humans (Lair:5)
  A hog (Lair:5)
  55 redbacks
  2 death yak simulacra (Lair:4)
  4 chaos spawn
  10 vampire mosquitoes
  2 neqoxecs
  A warg (Orc:1)
  2 acid dragons
  A swamp worm (shapeshifter) (Lair:5)
  16 water moccasins
  3 ice beasts
  2 black bears
  34 orc warriors
  13 ogres
  A sky beast (D:6)
  A boggart (Vaults:1)
  17 wolves
  3 phantoms
  13 centaurs
  10 small abominations
  2 lemures (D:9)
  3 kobold brigands
  7 bullfrogs
  3 scorpions
  4 earth elementals
  A gnoll sergeant (D:8)
  14 wights
  A water moccasin zombie (Ossuary)
  A human simulacrum (Vaults:1)
  11 killer bees
  A howler monkey (D:8)
  2 centaur zombies (Ossuary)
  2 hounds
  4 jellies (Lair:5)
  A gnoll bouda (D:5)
  25 orc priests
  24 orc wizards
  3 scorpion zombies (Ossuary)
  3 iguanas
  7 hell rats
  A mummy (Ossuary)
  Robin (D:1)
  19 gnolls
  10 adders
  6 white imps
  3 ufetubi
  2 adder zombies (Ossuary)
  2 dart slugs
  79 orcs
  8 endoplasms
  8 giant cockroaches
  7 goblins
  11 hobgoblins
  9 jackals
  25 kobolds
  7 quokkas
  3 ball pythons
  4 bats
  2 frilled lizards (D:3)
  3 gnoll zombies (Ossuary)
  A goblin zombie (Ossuary)
  4 hobgoblin zombies (Ossuary)
  An orc zombie (Ossuary)
  5 rats
  2 fulminant prisms (Lair:4)
2566 creatures vanquished.

Vanquished Creatures (collateral kills)
  Jorgrun (Spider:3)
  A sphinx (Vaults:3)
  A shadow dragon (Vaults:5)
  The ghost of Zakh the Markstengu, an adept TeHu of Hepliaklqana (Elf:2)
  Aizul (Shoals:1)
  A draconian scorcher (Zot:1)
  A draconian annihilator (Zot:1)
  A yaktaur captain (Vaults:3)
  A jorogumo (Spider:4)
  2 slime creatures (Slime:3)
  A tarantella (Spider:4)
  A culicivora (Spider:3)
  A jumping spider (Spider:4)
14 creatures vanquished.

Vanquished Creatures (others)
  A yellow draconian (Zot:5)
  A deep elf knight (Elf:2)
  A sea snake (Shoals:4)
  A deep elf pyromancer (Elf:2)
  A human (Lair:5)
  A kobold brigand (D:14)
  51 fire vortices
  304 fulminant prisms
  10 tentacles (Shoals:2)
371 creatures vanquished.

Grand Total: 2951 creatures vanquished

Notes
Turn   | Place    | Note
-------+----------+-------------------------------------------
     0 | D:1      | GordonOverkill the Gnoll Conjurer began the quest for the
                  | Orb.
     0 | D:1      | Reached XP level 1. HP: 13/13 MP: 6/6
   253 | D:1      | Reached XP level 2. HP: 19/19 MP: 5/7
   362 | D:1      | Learned a level 2 spell: Searing Ray
   667 | D:1      | Found Teofab's Vocational Training.
   909 | D:1      | Reached XP level 3. HP: 25/25 MP: 7/9
   933 | D:1      | Reached skill level 5 in Spellcasting
   954 | D:1      | Found a faded altar of an unknown god.
   986 | D:1      | Prayed at the altar of an unknown god.
   986 | D:1      | Became a worshipper of Ashenzari the Shackled
  1367 | D:2      | Identified the +1 helmet of a wizard's laboratory {SInv}
  1367 | D:2      | Noticed Robin
  1410 | D:1      | Killed Robin
  1411 | D:1      | Reached skill level 1 in Invocations
  1474 | D:1      | Reached skill level 1 in Fighting
  1474 | D:1      | Reached skill level 1 in Short Blades
  1474 | D:1      | Reached skill level 1 in Long Blades
  1474 | D:1      | Reached skill level 1 in Axes
  1474 | D:1      | Reached skill level 1 in Maces & Flails
  1474 | D:1      | Reached skill level 1 in Polearms
  1474 | D:1      | Reached skill level 1 in Staves
  1474 | D:1      | Reached skill level 1 in Ranged Weapons
  1474 | D:1      | Reached skill level 1 in Throwing
  1474 | D:1      | Reached skill level 1 in Armour
  1474 | D:1      | Reached skill level 1 in Shields
  1474 | D:1      | Reached skill level 1 in Unarmed Combat
  1474 | D:1      | Reached skill level 1 in Evocations
  1536 | D:2      | Reached XP level 4. HP: 25/32 MP: 6/11
  1577 | D:1      | Learned a level 3 spell: Dazzling Flash
  1582 | D:1      | Learned a level 4 spell: Fulminant Prism
  1859 | D:2      | Reached skill level 1 in Hexes
  1859 | D:2      | Reached skill level 1 in Summonings
  1859 | D:2      | Reached skill level 1 in Necromancy
  1859 | D:2      | Reached skill level 1 in Translocations
  1859 | D:2      | Reached skill level 1 in Transmutations
  1859 | D:2      | Reached skill level 1 in Fire Magic
  1859 | D:2      | Reached skill level 1 in Ice Magic
  1859 | D:2      | Reached skill level 1 in Air Magic
  1859 | D:2      | Reached skill level 1 in Earth Magic
  1859 | D:2      | Reached skill level 1 in Poison Magic
  1859 | D:2      | Reached skill level 1 in Shapeshifting
  2426 | D:2      | Reached XP level 5. HP: 37/37 MP: 8/13
  4065 | D:4      | Reached XP level 6. HP: 44/44 MP: 5/14
  4125 | D:4      | Learned a level 1 spell: Slow
  4481 | D:4      | Noticed a steam dragon
  4555 | D:4      | Reached skill level 5 in Dodging
  4821 | D:4      | Found a runed translucent gate.
  4821 | D:4      | Found a runed translucent gate.
  4821 | D:4      | Found a runed translucent gate.
  4822 | D:4      | Noticed blacky4's ghost (amateur OpSh)
  4970 | D:5      | Entered Level 5 of the Dungeon
  5401 | D:5      | Noticed an ice beast
  5565 | D:5      | Reached XP level 7. HP: 43/51 MP: 7/15
  5949 | D:5      | Reached skill level 5 in Stealth
  6197 | D:5      | Found a sacrificial altar of Ru.
  6478 | D:5      | Found a shimmering altar of Xom.
  6479 | D:5      | Found a snail-covered altar of Cheibriados.
  6700 | D:5      | Found a glowing silver altar of Zin.
  6858 | D:5      | Reached XP level 8. HP: 58/58 MP: 4/17
  7160 | D:5      | Found a sacrificial altar of Ru.
  7193 | D:5      | Found a shimmering altar of Xom.
  7194 | D:5      | Found a snail-covered altar of Cheibriados.
  7599 | D:6      | Found a staircase to the Ecumenical Temple.
  7687 | D:5      | Learned a level 2 spell: Ensorcelled Hibernation
  7870 | D:6      | Noticed a shadow
  7918 | D:6      | Found the +6 shillelagh "Devastator" {shatter}
  8086 | D:6      | Killed a shadow
  8348 | D:6      | Found a hazy altar of Hepliaklqana.
  8558 | D:6      | Reached XP level 9. HP: 65/65 MP: 11/19
  9617 | D:7      | Noticed Prince Ribbit
  9744 | D:7      | Found a sand-covered staircase.
  9749 | Ossuary  | Entered an ossuary
 10035 | Ossuary  | Noticed a silent spectre
 10127 | D:7      | Found Pepum's Antique Weapon Boutique.
 10135 | D:7      | Bought a shimmering long sword for 170 gold pieces
 10135 | D:7      | Identified the +3 long sword of Makhleb's Inspiration
                  | {drain, MP+9} (You bought it in a shop on level 7 of the
                  | Dungeon)
 10165 | D:7      | Reached skill level 5 in Invocations
 10426 | D:7      | Killed Prince Ribbit
 10765 | D:7      | Reached XP level 10. HP: 74/74 MP: 16/21
 11176 | D:8      | Noticed Maggie
 11188 | D:8      | Killed Maggie
 11189 | D:8      | Reached skill level 5 in Fighting
 11189 | D:8      | Reached skill level 5 in Short Blades
 11189 | D:8      | Reached skill level 5 in Long Blades
 11189 | D:8      | Reached skill level 5 in Axes
 11189 | D:8      | Reached skill level 5 in Maces & Flails
 11189 | D:8      | Reached skill level 5 in Polearms
 11189 | D:8      | Reached skill level 5 in Staves
 11189 | D:8      | Reached skill level 5 in Ranged Weapons
 11189 | D:8      | Reached skill level 5 in Throwing
 11189 | D:8      | Reached skill level 5 in Armour
 11189 | D:8      | Reached skill level 5 in Shields
 11189 | D:8      | Reached skill level 5 in Unarmed Combat
 11189 | D:8      | Reached skill level 5 in Evocations
 12228 | D:8      | Noticed a two-headed ogre
 12272 | D:8      | Killed a two-headed ogre
 12617 | D:8      | Identified the +3 rapier of Oschab {flame, rN+ Will- MP+9
                  | Str+4 Dex+4}
 13755 | D:9      | Noticed Erolcha
 13760 | D:9      | Killed Erolcha
 13761 | D:9      | Reached skill level 5 in Hexes
 13761 | D:9      | Reached skill level 5 in Summonings
 13761 | D:9      | Reached skill level 5 in Necromancy
 13761 | D:9      | Reached skill level 5 in Translocations
 13761 | D:9      | Reached skill level 5 in Transmutations
 13761 | D:9      | Reached skill level 5 in Fire Magic
 13761 | D:9      | Reached skill level 5 in Ice Magic
 13761 | D:9      | Reached skill level 5 in Air Magic
 13761 | D:9      | Reached skill level 5 in Earth Magic
 13761 | D:9      | Reached skill level 5 in Poison Magic
 13761 | D:9      | Reached skill level 5 in Shapeshifting
 13761 | D:9      | Reached XP level 11. HP: 83/83 MP: 23/23
 13891 | D:9      | Identified the +10 war axe of Freehold {drain, rElec rPois
                  | Str+4 Int-5}
 13997 | D:9      | Noticed Pikel
 14016 | D:9      | Killed Pikel
 14535 | D:9      | Noticed Erica
 14540 | D:9      | Killed Erica
 14602 | D:9      | Reached * piety under Ashenzari
 14602 | D:9      | Identified a scroll of acquirement
 14929 | D:10     | Entered Level 10 of the Dungeon
 15452 | D:10     | Identified the +9 mace of Sunucafo {heavy, Fly Int+4}
 15907 | D:10     | Found a staircase to the Lair.
 16254 | D:10     | Found Hialluu's Antique Weapon Shoppe.
 16357 | D:11     | Acquired 804 gold pieces
 16533 | D:1      | Bought a manual of Evocations for 1120 gold pieces
 16756 | D:11     | Noticed a cyclops
 16979 | Lair:1   | Entered Level 1 of the Lair of Beasts
 17001 | Lair:1   | Reached XP level 12. HP: 92/92 MP: 21/25
 17059 | Lair:1   | Found a runed translucent gate.
 17059 | Lair:1   | Found a runed translucent gate.
 17060 | Lair:1   | Found a runed translucent gate.
 17060 | Lair:1   | Noticed Tinttamiau's ghost (journeyman NaHW)
 17060 | Lair:1   | Identified the +8 broad axe "Demonslayer" {venom, Fragile
                  | rElec rF+ rN+}
 17061 | Lair:1   | Noticed an 11-headed hydra
 17188 | Lair:1   | Noticed Grum
 17204 | Lair:1   | Killed Grum
 18447 | Lair:1   | Reached ** piety under Ashenzari
 18932 | Lair:1   | Killed an 11-headed hydra
 19109 | Lair:1   | Killed Tinttamiau's ghost
 19696 | Lair:2   | Noticed a skyshark
 19699 | Lair:1   | Upgraded the game from 0.31-a0-267-g3fc6992b3b to
                  | 0.31-a0-276-ge00219d475
 19737 | Lair:2   | Noticed a six-headed hydra
 19807 | Lair:2   | Killed a skyshark
 19876 | Lair:2   | Killed a six-headed hydra
 20620 | Lair:2   | Reached XP level 13. HP: 101/101 MP: 19/27
 21844 | Lair:2   | Reached skill level 10 in Conjurations
 21916 | Lair:3   | Noticed Nessos
 22472 | Lair:2   | Learned a level 3 spell: Teleport Other
 23643 | Lair:3   | Found a staircase to the Shoals.
 24055 | Lair:3   | Found a hole to the Spider Nest.
 24812 | Lair:3   | Reached skill level 10 in Spellcasting
 24939 | Lair:4   | Reached skill level 10 in Evocations
 25048 | Lair:4   | Found a gate leading to a gauntlet.
 25437 | Lair:3   | Killed Nessos
 25567 | Lair:3   | Reached skill level 10 in Dodging
 25893 | Lair:4   | Reached skill level 10 in Long Blades
 26944 | Lair:5   | Entered Level 5 of the Lair of Beasts
 26945 | Lair:5   | Acquired a +2 double sword of holy wrath
 26967 | Lair:5   | Identified the +4 shortbow of Hubris {drain, Drain rPois
                  | rN+}
 27146 | Lair:4   | Reached XP level 14. HP: 101/110 MP: 12/29
 27340 | Lair:5   | Found a viscous altar of Jiyva.
 27475 | Lair:5   | Reached skill level 10 in Stealth
 28232 | Lair:4   | Reached skill level 10 in Invocations
 29061 | Lair:5   | Noticed Kirke
 29458 | Lair:5   | Found a staircase to the Slime Pits.
 29691 | Lair:5   | Killed Kirke
 31670 | Lair:5   | Found a corrupted altar of Lugonu.
 31670 | Lair:5   | Found a one-way gate to the infinite horrors of the Abyss.
 31992 | Lair:5   | Reached *** piety under Ashenzari
 32359 | D:11     | Reached XP level 15. HP: 96/120 MP: 22/32
 32960 | D:12     | Noticed Rupert
 33087 | D:12     | Reached skill level 10 in Fighting
 33087 | D:12     | Reached skill level 10 in Short Blades
 33087 | D:12     | Reached skill level 10 in Axes
 33087 | D:12     | Reached skill level 10 in Maces & Flails
 33087 | D:12     | Reached skill level 10 in Polearms
 33087 | D:12     | Reached skill level 10 in Staves
 33087 | D:12     | Reached skill level 10 in Ranged Weapons
 33087 | D:12     | Reached skill level 10 in Throwing
 33087 | D:12     | Reached skill level 10 in Armour
 33087 | D:12     | Reached skill level 10 in Shields
 33087 | D:12     | Reached skill level 10 in Unarmed Combat
 33428 | D:12     | Found a staircase to the Orcish Mines.
 33489 | Orc:1    | Entered Level 1 of the Orcish Mines
 33722 | D:12     | Paralysed by Rupert for 4 turns
 34305 | D:12     | Learned a level 6 spell: Leda's Unmaking
 35503 | Orc:2    | Entered Level 2 of the Orcish Mines
 35900 | Orc:2    | Found a staircase to the Elven Halls.
 37055 | Orc:2    | Found Zulafan's Distillery.
 37057 | Orc:2    | Found Jecutril's General Store.
 37113 | Orc:2    | Found Zadept's Antique Armour Emporium.
 40856 | Orc:2    | Found Ufil's Jewellery Shop.
 40856 | Orc:2    | Found a one-way gate leading to the halls of Pandemonium.
 40856 | Orc:2    | Found Ypetimoi's Antique Weapon Boutique.
 40862 | Orc:2    | Bought the ring of Xecepi {rElec rF+ Int+5} for 693 gold
                  | pieces
 40862 | Orc:2    | Bought an amulet of reflection for 420 gold pieces
 41649 | D:12     | Killed Rupert
 43269 | D:13     | Found a portal to a secret trove of treasure.
 43559 | D:13     | Reached XP level 16. HP: 105/129 MP: 4/34
 45207 | D:13     | Identified the +1 lajatang of Theory {freeze, rN+ Int+3}
 45404 | D:13     | Found a runed translucent door.
 45404 | D:13     | Noticed tensugalgo's ghost (journeyman MiHs)
 45728 | D:13     | Killed tensugalgo's ghost
 46044 | Orc:2    | Bought a pair of boots for 103 gold pieces
 46146 | D:14     | Found a gate to the Vaults.
 47735 | D:14     | You fall into a shaft and drop 1 floor!
 47735 | D:15     | Entered Level 15 of the Dungeon
 47772 | D:15     | Identified the +2 plate armour "Vamuelea" {-Tele *Slow
                  | rPois Will++}
 49106 | D:15     | Found a staircase to the Depths.
 49331 | D:15     | Found a flickering gateway to a bazaar.
 49415 | Bazaar   | Entered a bazaar
 49415 | Bazaar   | Found Kuicomes's Assorted Antiques.
 49423 | Bazaar   | Found Meffis's Assorted Antiques.
 49465 | Bazaar   | Found Akanoxoc's Armour Shoppe.
 49468 | Bazaar   | Found Wamed's Antique Weapon Shop.
 49505 | Bazaar   | Bought a potion of curing for 66 gold pieces
 52096 | D:14     | Found an ornate altar of the Wu Jian Council.
 52296 | Spider:1 | Entered Level 1 of the Spider Nest
 52709 | Spider:1 | Reached XP level 17. HP: 137/137 MP: 16/35
 53195 | Spider:1 | Noticed Roxanne
 56841 | Spider:1 | Reached skill level 10 in Hexes
 56841 | Spider:1 | Reached skill level 10 in Summonings
 56841 | Spider:1 | Reached skill level 10 in Necromancy
 56841 | Spider:1 | Reached skill level 10 in Translocations
 56841 | Spider:1 | Reached skill level 10 in Transmutations
 56841 | Spider:1 | Reached skill level 10 in Fire Magic
 56841 | Spider:1 | Reached skill level 10 in Ice Magic
 56841 | Spider:1 | Reached skill level 10 in Air Magic
 56841 | Spider:1 | Reached skill level 10 in Earth Magic
 56841 | Spider:1 | Reached skill level 10 in Poison Magic
 56841 | Spider:1 | Reached skill level 10 in Shapeshifting
 57682 | Spider:1 | Reached skill level 15 in Evocations
 57819 | Spider:1 | Glimpsed the power of Zot.
 58474 | Shoals:1 | Entered Level 1 of the Shoals
 58490 | Shoals:1 | Noticed Aizul
 58504 | Shoals:1 | Killed Aizul
 58792 | Shoals:1 | Noticed Josephine
 58827 | Shoals:1 | Killed Josephine
 59891 | Shoals:1 | Noticed Nikola
 60059 | Shoals:1 | Killed Nikola
 60060 | Shoals:1 | Reached skill level 15 in Long Blades
 60328 | Shoals:1 | Learned a level 5 spell: Borgnjor's Vile Clutch
 60931 | Shoals:2 | Found Nuxtaify's Armour Shop.
 62233 | Shoals:2 | Acquired 568 gold pieces
 62753 | Shoals:2 | Noticed a kraken
 62942 | Shoals:2 | Killed a kraken
 63310 | Shoals:3 | Noticed Polyphemus
 63437 | Shoals:2 | Killed Polyphemus
 63626 | Shoals:2 | Reached XP level 18. HP: 126/147 MP: 7/37
 63873 | Shoals:4 | Entered Level 4 of the Shoals
 65821 | Shoals:3 | Found Rafel's Assorted Antiques.
 65829 | Shoals:3 | Bought a wand of acid (2) for 294 gold pieces
 65829 | Shoals:3 | Bought a scroll of enchant weapon for 262 gold pieces
 67804 | Shoals:4 | Identified the +0 pair of boots of Lesser Demons {rElec rN+
                  | Will+ Str-4}
 69558 | Shoals:4 | Found the +11 plutonium sword {Contam Stlth-}
 69967 | Shoals:4 | Identified the Discourse on Weather
 70169 | Shoals:4 | HP: 6/148 [merfolk javelineer/silver javelin (3)]
 70707 | Shoals:4 | Got a barnacled rune of Zot
 70726 | Shoals:4 | Learned a level 4 spell: Airstrike
 72404 | Spider:2 | Reached XP level 19. HP: 152/155 MP: 19/39
 73093 | Spider:3 | Identified the +1 cloak of Jigsaw {rC- rN+++ Will+++ Dex-4}
 73677 | Spider:3 | Noticed Jorgrun
 74035 | Spider:3 | Gained mutation: Your magical capacity is low. (-10% MP)
                  | [mutagenic glow]
 74041 | Spider:3 | Gained mutation: Armour fits poorly on your strangely
                  | shaped body. [mutagenic glow]
 74704 | Spider:3 | Killed Jorgrun
 74993 | Spider:4 | Entered Level 4 of the Spider Nest
 76402 | Spider:4 | Got a gossamer rune of Zot
 77771 | D:10     | Identified the cursed +2 pair of gloves of the Shattered
                  | Shame {Melee, Elem} (You found it on level 13 of the
                  | Dungeon)
 77771 | D:10     | Identified the cursed +3 steam dragon scales "Tethered With
                  | Me" {Alch, Bglg} (You took it off Maggie on level 8 of the
                  | Dungeon)
 77863 | Vaults:1 | Entered Level 1 of the Vaults
 78032 | Shoals:2 | Bought the +2 cloak of Exclusion {rPois} for 462 gold
                  | pieces
 78253 | Orc:2    | Bought a potion of haste for 110 gold pieces
 78253 | Orc:2    | Bought a potion of might for 44 gold pieces
 78253 | Orc:2    | Bought a potion of might for 44 gold pieces
 78253 | Orc:2    | Bought a potion of mutation for 88 gold pieces
 78253 | Orc:2    | Bought a potion of enlightenment for 55 gold pieces
 78253 | Orc:2    | Bought a potion of berserk rage for 55 gold pieces
 78255 | Orc:2    | Bought a potion of haste for 140 gold pieces
 78423 | Vaults:1 | Reached XP level 20. HP: 162/162 MP: 10/36
 78913 | Vaults:1 | Reached skill level 15 in Invocations
 79850 | Vaults:1 | Found Karol's Antique Weapon Shop.
 79851 | Vaults:1 | Found a runed translucent gate.
 79851 | Vaults:1 | Found a runed translucent gate.
 79941 | Vaults:1 | Identified the +4 whip of the Orcish Mines {flame, rC+ rN++
                  | Dex-4 Stlth+}
 80471 | Vaults:1 | Found a runed translucent gate.
 80636 | Vaults:1 | Noticed Olga's ghost (adept BaSh)
 80865 | Vaults:1 | Identified the +1 helmet of Slovenliness {Dex+5}
 80871 | Vaults:1 | Noticed a Brimstone Fiend
 81108 | Vaults:1 | Killed a Brimstone Fiend
 81694 | Vaults:2 | Learned a level 8 spell: Maxwell's Capacitive Coupling
 81846 | Vaults:2 | Reached skill level 15 in Spellcasting
 83527 | Vaults:2 | Reached skill level 15 in Dodging
 83816 | Vaults:1 | Upgraded the game from 0.31-a0-276-ge00219d475 to
                  | 0.31-a0-313-g785cd24033
 85060 | Vaults:3 | Reached XP level 21. HP: 172/172 MP: 25/38
 85387 | Vaults:2 | Found a staircase to the Crypt.
 86118 | Vaults:1 | Reached skill level 15 in Stealth
 86520 | Vaults:2 | Found Fazuy's Book Boutique.
 86655 | Vaults:2 | Identified the +8 mace "Wukom" {heavy, rPois MP-9 Dex+4}
 87011 | Vaults:2 | Found a staircase to the Crypt.
 87200 | Vaults:2 | Found Fazuy's Book Boutique.
 89164 | Vaults:3 | Learned a level 8 spell: Lehudib's Crystal Spear
 90734 | Vaults:3 | Upgraded the game from 0.31-a0-313-g785cd24033 to
                  | 0.31-a0-329-g52107efa6a
 90734 | Vaults:3 | Identified the +4 arbalest "Piys" {antimagic, Dex+3}
 91568 | Vaults:3 | You fall into a shaft and drop 1 floor!
 92180 | Vaults:3 | Found Bepseir's Book Shoppe.
 92946 | Vaults:4 | Identified the +12 halberd "Ikaugiq" {pain, Dex+2}
 93224 | Vaults:4 | Noticed Boris
 93232 | Vaults:4 | Killed Boris
 94397 | Vaults:4 | Reached skill level 15 in Fighting
 94397 | Vaults:4 | Reached skill level 15 in Short Blades
 94397 | Vaults:4 | Reached skill level 15 in Axes
 94397 | Vaults:4 | Reached skill level 15 in Maces & Flails
 94397 | Vaults:4 | Reached skill level 15 in Polearms
 94397 | Vaults:4 | Reached skill level 15 in Staves
 94397 | Vaults:4 | Reached skill level 15 in Ranged Weapons
 94397 | Vaults:4 | Reached skill level 15 in Throwing
 94397 | Vaults:4 | Reached skill level 15 in Armour
 94397 | Vaults:4 | Reached skill level 15 in Shields
 94397 | Vaults:4 | Reached skill level 15 in Unarmed Combat
 94661 | Vaults:4 | Noticed Donald
 94665 | Vaults:4 | Killed Donald
 95073 | Vaults:4 | Reached XP level 22. HP: 182/182 MP: 35/39
 95977 | Elf:1    | Entered Level 1 of the Elven Halls
 95977 | Elf:1    | Found a runed translucent gate.
 95977 | Elf:1    | Found a runed translucent gate.
 95977 | Elf:1    | Found a runed translucent gate.
 95977 | Elf:1    | Found a runed translucent gate.
 95977 | Elf:1    | Found a runed translucent gate.
 95977 | Elf:1    | Found a runed translucent gate.
 95978 | Elf:1    | Found a runed translucent door.
 96126 | Elf:1    | Found a runed translucent door.
 97760 | Elf:1    | Reached **** piety under Ashenzari
 98772 | Elf:1    | Found a runed translucent gate.
 98772 | Elf:1    | Found a runed translucent gate.
 98772 | Elf:1    | Found a runed translucent gate.
 98774 | Elf:1    | Noticed Siff's ghost (journeyman OpFE)
 98774 | Elf:1    | Noticed Deamich's ghost (journeyman DsBr)
 98776 | Elf:1    | Noticed Asepniucs's ghost (adept DrSh)
 98776 | Elf:1    | Noticed Zakh's ghost (adept TeHu)
 98776 | Elf:1    | Noticed Olga's ghost (adept DsWn)
 98957 | Elf:2    | Killed Zakh's ghost
 99434 | Elf:2    | Paralysed by an air elemental for 1 turns
 99437 | Elf:2    | Paralysed by an air elemental for 1 turns
 99441 | Elf:2    | Paralysed by an air elemental for 1 turns
 99538 | Elf:2    | Paralysed by an air elemental for 1 turns
 99541 | Elf:2    | Paralysed by an air elemental for 1 turns
 99787 | Elf:2    | Found Sur Vaengu's Book Boutique.
 99788 | Elf:2    | Found Pioluagu's Jewellery Shoppe.
 99790 | Elf:2    | Found Jowihocs's Book Boutique.
 99912 | Elf:2    | Identified the cursed +2 robe of Ashenzari's Repose {rF+,
                  | Self, Elem} (You took it off Jorgrun on level 3 of the
                  | Spider Nest)
100370 | Elf:2    | Found a runed translucent gate.
100370 | Elf:2    | Found a runed translucent gate.
100370 | Elf:2    | Found a runed translucent gate.
101753 | Elf:3    | Entered Level 3 of the Elven Halls
101788 | Elf:3    | Noticed Louise
101796 | Elf:3    | Killed Louise
103164 | Elf:3    | Upgraded the game from 0.31-a0-329-g52107efa6a to
                  | 0.31-a0-339-gda1cbd555d
103190 | Elf:3    | Identified the +0 chain mail "Nyiwala" {Will- Dex+7 Stlth+}
103389 | Elf:3    | Identified the staff "Jecexef" {rC+ Stlth+ Ice}
104694 | Elf:3    | Identified the +5 dagger of Undoing {flame, rPois rC+ rN+++
                  | Str-4}
104794 | Elf:3    | Identified the +10 orcbow of Grace {flame, rC++}
104885 | Elf:3    | Identified the +6 chain mail "Pontiud" {rPois rF+++ Dex-3}
105001 | Elf:3    | Reached XP level 23. HP: 196/196 MP: 24/42
105385 | Elf:3    | Reached skill level 15 in Conjurations
105732 | Elf:3    | Identified Vokhatta's Octavo of Amassed Lithomancy
105790 | Elf:3    | Identified the staff "Conservator" {rElec rF+ rCorr Fire}
106378 | Depths:1 | Entered Level 1 of the Depths
106686 | Vaults:3 | Bought a manual of Fighting for 1120 gold pieces
107013 | Depths:1 | Found a runed translucent gate.
107013 | Depths:1 | Found a runed translucent gate.
107013 | Depths:1 | Found a runed translucent gate.
107013 | Depths:1 | Noticed Rorax's ghost (adept OpVM)
107013 | Depths:1 | Noticed an ancient lich
108143 | Depths:1 | Found a gateway to Hell.
109927 | Depths:1 | Found a runed translucent door.
109928 | Depths:1 | Noticed an ancient lich
109928 | Depths:1 | Identified the staff "Spiderbane" {rCorr Int+6 Earth}
109970 | Depths:1 | Found a runed translucent door.
110102 | Depths:1 | Found an opulent altar of Gozag.
110787 | Depths:1 | Noticed Saint Roka
110801 | Depths:1 | Killed Saint Roka
110980 | Depths:1 | Found a shimmering blue altar of Sif Muna.
111719 | Depths:1 | Killed an ancient lich
111748 | Depths:1 | Killed Rorax's ghost
111971 | Depths:1 | Glimpsed the power of Zot.
112079 | Depths:1 | Killed an ancient lich
112725 | Depths:2 | Noticed Boris
113104 | Depths:2 | Killed Boris
115264 | Depths:2 | Found a radiant altar of Vehumet.
115787 | Depths:3 | Reached XP level 24. HP: 208/208 MP: 36/43
117417 | Depths:3 | Noticed a juggernaut
117422 | Depths:3 | Killed a juggernaut
117678 | Depths:3 | Identified the Grimoire of Wintry Jinxing
117887 | Depths:3 | Noticed an ancient lich
117894 | Depths:3 | Killed an ancient lich
117996 | Depths:3 | Found a one-way gateway to a ziggurat.
118642 | Depths:4 | Entered Level 4 of the Depths
119438 | Depths:4 | Noticed a caustic shrike
119846 | Depths:4 | Noticed a caustic shrike
119852 | Depths:4 | Noticed a caustic shrike
119860 | Depths:4 | Noticed a caustic shrike
120008 | Depths:4 | Killed a caustic shrike
120017 | Depths:4 | Killed a caustic shrike
120408 | Depths:3 | Killed a caustic shrike
120811 | Depths:4 | Killed a caustic shrike
120922 | Depths:4 | Found a gate to the Realm of Zot.
121809 | Elf:3    | Learned a level 9 spell: Shatter
121819 | Elf:3    | Learned a level 9 spell: Fire Storm
122061 | Slime:1  | Entered Level 1 of the Pits of Slime
125176 | Slime:2  | Reached XP level 25. HP: 217/217 MP: 35/43
126216 | Slime:3  | Found a viscous altar of Jiyva.
126727 | Slime:4  | Noticed Dissolution
126804 | Slime:4  | Paralysed by a floating eye for 4 turns
126812 | Slime:3  | Killed Dissolution
127877 | Slime:4  | Reached ***** piety under Ashenzari
128049 | Slime:5  | Entered Level 5 of the Pits of Slime
128786 | Slime:5  | Found a viscous altar of Jiyva.
128787 | Slime:5  | Identified the +7 hand axe "Dragonbane" {freeze, rElec}
128788 | Slime:5  | Identified the +6 scimitar "Fose" {protect, rElec Will+
                  | Dex+3}
128912 | Slime:5  | Identified the ring of Cakuak {Wiz Slay+3}
128912 | Slime:5  | Identified the +0 buckler "Kaca" {rPois Str+4 Int+3}
128912 | Slime:5  | Identified the Dissertation on Combative Ensorcelling
128948 | Slime:5  | Noticed the Royal Jelly
128952 | Slime:5  | Killed the Royal Jelly
129080 | Slime:5  | Gained mutation: Your flesh is heat resistant. (rF+) [a
                  | shining eye]
129129 | Slime:5  | Identified the +4 falchion "Uqiahe Rari" {flame, rC+++
                  | MP+9}
129130 | Slime:5  | Identified the ring of Icli {Fire Str+7 Int-5}
129164 | Slime:5  | Got a slimy rune of Zot
129479 | Slime:5  | Gained mutation: You are clumsy. (Dex -2) [a shining eye]
129588 | Slime:5  | Gained mutation: Your body sometimes deteriorates upon
                  | taking damage. [a shining eye]
130326 | Zot:1    | Entered Level 1 of the Realm of Zot
131680 | Zot:1    | Reached skill level 15 in Hexes
131680 | Zot:1    | Reached skill level 15 in Summonings
131680 | Zot:1    | Reached skill level 15 in Necromancy
131680 | Zot:1    | Reached skill level 15 in Translocations
131680 | Zot:1    | Reached skill level 15 in Transmutations
131680 | Zot:1    | Reached skill level 15 in Fire Magic
131680 | Zot:1    | Reached skill level 15 in Ice Magic
131680 | Zot:1    | Reached skill level 15 in Air Magic
131680 | Zot:1    | Reached skill level 15 in Earth Magic
131680 | Zot:1    | Reached skill level 15 in Poison Magic
131680 | Zot:1    | Reached skill level 15 in Shapeshifting
132290 | Zot:2    | Reached XP level 26. HP: 214/234 MP: 14/45
132775 | Zot:2    | Noticed Vv
132817 | Zot:2    | Killed Vv
135598 | Zot:3    | Noticed a Killer Klown
138723 | Zot:2    | Identified the cursed ring of Ashenzari's Stars {Will+,
                  | Self, Dev} (You took it off a kobold on level 3 of the
                  | Dungeon)
138782 | Zot:3    | Killed a Killer Klown
140010 | Zot:4    | Reached XP level 27. HP: 221/245 MP: 23/46
141247 | Zot:4    | Lost mutation: Your flesh is heat resistant. (rF+) [potion
                  | of mutation]
141247 | Zot:4    | Lost mutation: Your body sometimes deteriorates upon taking
                  | damage. [potion of mutation]
141247 | Zot:4    | Gained mutation: You have sharp toenails. [potion of
                  | mutation]
141247 | Zot:4    | Gained mutation: Your muscles are strong. (Str +4, Int/Dex
                  | -1) [potion of mutation]
141248 | Zot:4    | Lost mutation: Armour fits poorly on your strangely shaped
                  | body. [potion of mutation]
141248 | Zot:4    | Lost mutation: You are clumsy. (Dex -2) [potion of
                  | mutation]
141248 | Zot:4    | Gained mutation: You are partially covered in large bone
                  | plates. (SH +4) [potion of mutation]
141913 | Zot:4    | Acquired the +0 helmet of the Doldrums {MP+9 Str+3 SInv}
142109 | Zot:5    | Entered Level 5 of the Realm of Zot
143497 | Zot:5    | Noticed an ancient lich
143711 | Zot:5    | Killed an ancient lich
143811 | Zot:5    | Noticed a dread lich
143814 | Zot:5    | Killed a dread lich
143932 | Zot:5    | Identified the +7 shortbow "Beuggo" {freeze, Int+6}
143955 | Zot:5    | Noticed an ancient lich
143963 | Zot:5    | Killed an ancient lich
144095 | Zot:5    | Noticed an orb of fire
144103 | Zot:5    | Gained mutation: Your magical capacity is very low. (-20%
                  | MP) [an orb of fire]
144105 | Zot:5    | Killed an orb of fire
144107 | Zot:5    | Noticed an orb of fire
144109 | Zot:5    | Killed an orb of fire
144250 | Zot:5    | Noticed a dread lich
144267 | Zot:5    | Killed a dread lich
144372 | Zot:5    | Noticed an ancient lich
144529 | Zot:5    | Killed an ancient lich
144712 | Zot:5    | Noticed an ancient lich
144717 | Zot:5    | Killed an ancient lich
144938 | Zot:5    | Noticed a dread lich
144948 | Zot:5    | Killed a dread lich
145894 | Zot:5    | Noticed a dread lich
145897 | Zot:5    | Killed a dread lich
146511 | Zot:5    | Learned a level 9 spell: Chain Lightning
146941 | Vaults:5 | Entered Level 5 of the Vaults
147410 | Vaults:5 | Noticed Boris
147427 | Vaults:5 | Killed Boris
147704 | Vaults:5 | Noticed Frederick
147751 | Vaults:5 | Killed Frederick
147883 | Vaults:5 | Identified the +0 leather armour "Kimat" {Dex+3 SInv
                  | Stlth+}
148548 | Vaults:5 | Identified the +9 dagger of Bankruptcy {venom, rElec Str+3
                  | Int+4 Stlth-}
148667 | Vaults:5 | Identified the Enchiridion on the Evil Eye and the Union
148900 | Vaults:5 | Got a silver rune of Zot
148960 | Vaults:5 | Identified the +1 cloak of the Alphagorgon {rPois Int+2}
149162 | Vaults:5 | Identified the ring "Xitz" {*Corrode Fly AC+4 Str+7 Dex-3}
149184 | Vaults:5 | Identified the +0 robe of Hopscotch {rN+}
149239 | Vaults:5 | Noticed Jory
149247 | Vaults:5 | Killed Jory
150512 | Zot:5    | Got the Orb of Zot
150573 | Zot:4    | Noticed Boris
150580 | Zot:4    | Killed Boris
151157 | D:1      | Noticed Zoprityq the pandemonium lord
151163 | D:1      | Killed Zoprityq the pandemonium lord
151207 | D:$      | Escaped with the Orb!

Illustrated notes

Levels and vault maps discovered:
D:1:      sevenhm_arrival_forest_fort_large_4, layout_basic,
          hellmonk_ecumenical_altar_run_dry, kennysheep_another_room,
          nicolae_shop_vocational
D:2:      layout_rooms, hex_tiny, grunt_decor_resistance, uniq_robin
D:3:      layout_loops_ring, kennysheep_generic_room_2
D:4:      layout_rooms, ebering_ghost_rock_garden
D:5:      layout_loops_ring, mainiacjoe_overflow_alcove_1,
          nicolae_overflow_hidden_temple, grunt_decor_cap,
          wad_floor_pattern_untrapped, minivault_4
D:6:      layout_gridville, worldfamousw_hep_ancestral_shrine,
          minmay_temple_entry_grid, dilly_guarded_unrand_devastator
D:7:      layout_rooms, enter_ossuary_5, serial_shops, nicolae_shop_crystal,
          kennysheep_pointless_box, uniq_prince_ribbit1
D:8:      layout_basic, uniq_maggie
D:9:      layout_loops_ring, uniq_pikel, uniq_erolcha, uniq_erica
D:10:     layout_roguey, minmay_lair_entry_grove, serial_shops,
          nicolae_shop_behind_doors, nrook_pool_corridor
D:11:     layout_basic, amcnicky_mini_rare_corridor_liquid,
          amcnicky_mini_pool_small
D:12:     layout_roguey, david_orc_3, uniq_rupert
D:13:     minmay_the_grid_net [minmay_the_grid_gridbox, minmay_the_grid_box_x,
          minmay_the_grid_expand, minmay_the_grid_minigrid_large,
          minmay_the_grid_tiny_cups, minmay_the_grid_prize_big_room],
          layout_basic, serial_demonic, serial_demonic_f, serial_demonic_b,
          serial_demonic_c, serial_demonic_f, enter_trove_0,
          ebering_ghost_inner_flame
D:14:     nicolae_cairo_tiling, layout_cave_pools, erik_vaults_2,
          nzn_wu_jian_contemplation, minivault_11
D:15:     hangedman_depths_entry_try_elsewhere_first, layout_stronghold,
          serial_shops, bzr_entry_road
Lair:1:   layout_chaotic_city, gammafunk_ghost_hydra_chop, uniq_grum
Lair:2:   layout_regular_city, wad_woods_03
Lair:3:   layout_layer_cave, elwin_shoals_entry_rocks,
          spider_nest_entry_web_field, grunt_megastairs_3, uniq_nessos
Lair:4:   layout_gridlike, portal_ice_cave_entry_ice_simulacra,
          gauntlet_entry_generic
Lair:5:   hellmonk_lair_end_abyssal_woods, layout_gridlike,
          nicolae_slime_entry_field_trip, lemuel_fruit_tree, uniq_kirke
Shoals:1: layout_shoals, uniq_nikola, uniq_aizul, uniq_josephine
Shoals:2: layout_shoals, nicolae_stop_n_shop_1
Shoals:3: layout_shoals, serial_shops, shop, nicolae_shoals_hunting_party,
          uniq_polyphemus
Shoals:4: shoals_end_simple, layout_shoals
Spider:1: nicolae_spider_hilbert_zone_4 [nicolae_spider_hilbert_4_sides_2_open,
          nicolae_spider_hilbert_4_sides_1_open,
          nicolae_spider_hilbert_4_sides_1_open,
          nicolae_spider_hilbert_4_sides_1_open,
          nicolae_spider_hilbert_4_sides_1_open,
          nicolae_spider_hilbert_2_sides_1_open,
          nicolae_spider_hilbert_2_sides_1_open,
          nicolae_spider_hilbert_2_sides_1_open,
          nicolae_spider_hilbert_2_sides_1_open,
          nicolae_spider_hilbert_6_sides_1_open,
          nicolae_spider_hilbert_6_sides_1_open,
          nicolae_spider_hilbert_3_sides_1_open,
          nicolae_spider_hilbert_3_sides_1_open], uniq_roxanne
Spider:2: layout_spider_delve, nicolae_spider_wall_of_niches
Spider:3: layout_spider_delve, uniq_jorgrun
Spider:4: hellmonk_spider_rune_endless_swarm
Slime:1:  layout_caves, nicolae_slime_phagocytosis
Slime:2:  layout_caves
Slime:3:  layout_caves, basic_altar
Slime:4:  layout_caves, dissolution_awaits
Slime:5:  slime_pit_nicolae_trefoil
Orc:1:    layout_caves
Orc:2:    pf_orc_diabolical, layout_caves, serial_shops, shop
Elf:1:    nicolae_elf_arrival_dilemma, layout_gridlike,
          gammafunk_ghost_cemetery, minmay_elf_crystal_hexagon
Elf:2:    elven_hall_of_blades_hangedman_original [nicolae_blade_tridents],
          layout_geoelf_diagonals, minmay_shop_grove
Elf:3:    grunt_elf_hall_diamonds, layout_geoelf_diagonals, uniq_louise
Vaults:1: gammafunk_ghost_tricky_traps, nicolae_vaults_trapezoid_lopsided_1,
          v_misc_19, nicolae_vaults_network_s, vaults_standard_mumra_lines,
          st_squares, ontoclasm_vaults_chip, vaults_room_fancy_cross, v_misc_9,
          nicolae_vaults_alarming, vaults_room_boxed,
          nicolae_vaults_trapezoid_3, layout_vaults_big_room, serial_shops, shop
Vaults:2: portal_desolation_entry_ruin, ontoclasm_vaults_ring_large,
          minmay_crypt_entry_simple_box, v_pattern_3, vaults_room_pools,
          nicolae_vaults_house_1, nicolae_vaults_storage_closets_2,
          layout_vaults_omnigrid, serial_shops, nicolae_shop_tiny_waterfront
Vaults:3: vaults_mumra_chevron, ontoclasm_vaults_ring_square,
          nicolae_vaults_trapezoid_lopsided_1, hangedman_vaults_hat,
          nicolae_vaults_variable_pillar_hall, v_misc_23,
          nicolae_vaults_border_crossing, vaults_room_guarded_vault,
          ontoclasm_vaults_ring_large, nicolae_vaults_prndl, v_pattern_5,
          vaults_standard_mumra_enter_the_diamond,
          nicolae_vaults_yaktaur_gun_rack, vaults_mumra_hexcomb,
          nicolae_vaults_tetromino_Z_1, layout_vaults_omnicross, serial_shops,
          shop
Vaults:4: nicolae_vaults_offset_grid_hallway_1,
          nicolae_vaults_surprise_closet_hard, nicolae_vaults_circle_grid_b,
          nicolae_vaults_more_shelving_2, v_misc_19, ontoclasm_vaults_spin,
          grunt_vaults_twisty, nicolae_vaults_double_plus_2, v_misc_17,
          nicolae_vaults_stepped_doors, nicolae_vaults_double_plus_2,
          vaults_standard_mumra_enter_the_diamond, nicolae_vaults_double_plus_2,
          layout_vaults_ring, uniq_margery, uniq_boris, uniq_donald
Vaults:5: serial_shops, uniq_jory, uniq_frederick
Depths:1: cheibrodos_witchhunters_guild, layout_basic,
          gammafunk_ghost_necromancy, grunt_gozag_breadcrumbs, lightli_too_deep,
          tgw_sif, uniq_saint_roka
Depths:2: kennysheep_blocky_hall, layout_honeycomb, rand_demon_pan_entry_4,
          lemuel_doored_altar, hell_entry
Depths:3: evilmike_marble_ring, layout_gridlike, enter_ziggurat_c, hell_entry,
          abyss_entry, serial_sigils, serial_sigils_hangedman_etch,
          serial_sigils_hangedman_scratch, serial_sigils_hangedman_writhe,
          minivault_14, minmay_staircase_bubble
Depths:4: evilmike_zot_entry_argh, layout_basic, minmay_splitting_lines,
          hell_entry
Zot:1:    layout_cathedral_of_symmetry, st_small_dragon_hoard_5
Zot:2:    lemuel_halls_of_wrath, layout_gridlike, uniq_vv
Zot:3:    grunt_twist_and_shout, layout_onion_interference, evilmike_ambush
          [evilmike_ambush_outer_corners, evilmike_ambush_inner_basic]
Zot:4:    layout_onion_interference, grunt_megastairs_5
Zot:5:    layout_concentric_octagons, grunt_ministairs_14

Skill      XL: |  1  2  3  4  5  6  7  8  9 10 11 12 13 14 15 16 17 18 19 20 21 22 23 24 25 26 27 |
---------------+----------------------------------------------------------------------------------+-----
Spellcasting   | 5 6 7 8 9 10 11 12 13 14 15 16 17 18 20 | 20.2
Invocations    | 1 2 3 4 5 6 7 8 9 10 11 12 13 14 15 16 17 18 19 21 | 21.3
Fighting       | 1 2 3 4 6 8 9 10 11 12 13 14 15 16 18 19 20 22 | 22.8
Short Blades   | 1 2 3 4 6 8 9 10 11 12 13 14 15 16 17 18 19 | 19.7
Long Blades    | 1 2 3 4 6 8 10 11 13 14 15 16 17 18 19 20 21 22 23 24 25 | 25.4
Axes           | 1 2 3 4 6 8 9 10 11 12 13 14 15 16 17 18 19 | 19.7
Maces & Flails | 1 2 3 4 6 8 9 10 11 12 13 14 15 16 17 18 19 | 19.7
Polearms       | 1 2 3 4 6 8 9 10 11 12 13 14 15 16 17 18 19 | 19.7
Staves         | 1 2 3 4 6 8 9 10 11 12 13 14 15 16 17 18 19 | 19.7
Ranged Weapons | 1 2 3 4 6 8 9 10 11 12 13 14 15 16 17 18 19 | 19.7
Throwing       | 1 2 3 4 6 8 9 10 11 12 13 14 15 16 17 18 19 | 19.7
Armour         | 1 2 3 4 6 8 9 10 11 12 13 14 15 16 17 18 19 | 19.7
Shields        | 1 2 3 4 6 8 9 10 11 12 13 14 15 16 17 18 19 | 19.7
Unarmed Combat | 1 2 3 4 6 8 9 10 11 12 13 14 15 16 17 18 19 | 19.7
Evocations     | 1 2 3 4 6 7 9 10 12 13 14 15 16 17 18 19 20 21 22 23 24 25 | 25.2
Hexes          | 1 2 3 4 5 6 7 8 9 10 11 12 13 14 15 16 | 16.8
Summonings     | 1 2 3 4 5 6 7 8 9 10 11 12 13 14 15 16 | 16.8
Necromancy     | 1 2 3 4 5 6 7 8 9 10 11 12 13 14 15 16 | 16.8
Translocations | 1 2 3 4 5 6 7 8 9 10 11 12 13 14 15 16 | 16.8
Transmutations | 1 2 3 4 5 6 7 8 9 10 11 12 13 14 15 16 | 16.8
Fire Magic     | 1 2 3 4 5 6 7 8 9 10 11 12 13 14 15 16 | 16.8
Ice Magic      | 1 2 3 4 5 6 7 8 9 10 11 12 13 14 15 16 | 16.8
Air Magic      | 1 2 3 4 5 6 7 8 9 10 11 12 13 14 15 16 | 16.8
Earth Magic    | 1 2 3 4 5 6 7 8 9 10 11 12 13 14 15 16 | 16.8
Poison Magic   | 1 2 3 4 5 6 7 8 9 10 11 12 13 14 15 16 | 16.8
Shapeshifting  | 1 2 3 4 5 6 7 8 9 10 11 12 13 14 15 16 | 16.8
Dodging        | 5 6 7 8 9 10 11 12 13 14 15 16 17 18 20 | 20.1
Stealth        | 5 6 7 8 9 10 11 12 13 14 15 16 17 18 20 | 20.1
Conjurations   | 8 9 10 11 12 13 14 15 16 17 18 | 18.1

Action                     |  1- 3 |  4- 6 |  7- 9 | 10-12 | 13-15 | 16-18 | 19-21 | 22-24 | 25-27 || total
---------------------------+-------+-------+-------+-------+-------+-------+-------+-------+-------++-------
  Melee: Whip              |       |     1 |       |       |       |       |       |       |       ||     1
         Unarmed           |       |       |    12 |       |       |       |       |       |       ||    12
         Bite              |       |       |     6 |    39 |    74 |    67 |   155 |    21 |    44 ||   406
         Dagger            |       |       |     1 |       |       |       |       |       |       ||     1
         Shillelagh        |       |       |    50 |   320 |   473 |    15 |       |       |       ||   858
         Punch             |       |       |     1 |     3 |       |       |    32 |    15 |    45 ||    96
         Double sword      |       |       |       |       |       |   377 |   704 |   124 |       ||  1205
         Long sword        |       |       |       |       |       |    60 |       |    18 |       ||    78
         Staff             |       |       |       |       |       |       |       |    13 |   169 ||   182
         Kick              |       |       |       |       |       |       |       |       |     8 ||     8
   Cast: Magic Dart        |    62 |   133 |   134 |   223 |   426 |    81 |       |       |       ||  1059
         Searing Ray       |     1 |    20 |    24 |    51 |     8 |       |       |       |       ||   104
         Slow              |       |     1 |     2 |       |       |       |       |       |       ||     3
         Fulminant Prism   |       |       |    18 |    28 |   257 |     3 |       |       |       ||   306
         Ensorcelled Hiber |       |       |       |     5 |     6 |       |    15 |       |       ||    26
         Leda's Unmaking   |       |       |       |       |   176 |   522 |     5 |     1 |       ||   704
         Borgnjor's Vile C |       |       |       |       |       |   159 |   277 |   300 |   271 ||  1007
         Airstrike         |       |       |       |       |       |    42 |   397 |   323 |   246 ||  1008
         Maxwell's Capacit |       |       |       |       |       |       |    22 |     4 |     3 ||    29
         Lehudib's Crystal |       |       |       |       |       |       |    27 |   355 |   479 ||   861
         Shatter           |       |       |       |       |       |       |       |    27 |    41 ||    68
         Fire Storm        |       |       |       |       |       |       |       |     5 |    52 ||    57
         Chain Lightning   |       |       |       |       |       |       |       |       |    19 ||    19
 Invoke: Curse Item        |     1 |       |       |     2 |     2 |     1 |     1 |     2 |     2 ||    11
         Shatter the Chain |       |       |       |       |       |     1 |     2 |       |     1 ||     4
  Evoke: Wand              |       |       |       |    18 |    23 |    32 |    45 |     2 |    14 ||   134
         Phantom mirror    |       |       |       |       |       |     1 |     3 |     1 |     1 ||     6
         Lightning rod     |       |       |       |       |       |       |    15 |    17 |    11 ||    43
         Box of beasts     |       |       |       |       |       |       |     3 |     3 |       ||     6
    Use: Scroll            |       |     5 |     6 |     9 |     9 |     7 |    20 |     3 |     4 ||    63
         Potion            |       |       |     1 |     6 |       |     3 |    28 |       |    16 ||    54
   Stab: Sleeping          |       |       |     3 |     5 |     3 |       |    13 |     1 |       ||    25
         Paralysed         |       |       |       |     3 |    21 |     6 |       |       |       ||    30
         Invisible         |       |       |       |       |       |       |     3 |       |       ||     3
 Armour: Robe              |     4 |    11 |    26 |     6 |       |       |    37 |   122 |   108 ||   314
         Steam dragon scal |       |       |       |   145 |   333 |   257 |       |       |       ||   735
         Skin              |       |       |       |       |       |    90 |   695 |    47 |   117 ||   949
  Dodge: Dodged            |    13 |    25 |    72 |   355 |   556 |   452 |   913 |   294 |   373 ||  3053
  Block: Buckler           |       |       |       |   102 |   235 |    23 |       |    16 |     5 ||   381
         Reflection        |       |       |       |       |    12 |    61 |    54 |    10 |       ||   137
         Kite shield       |       |       |       |       |       |   751 |   958 |     4 |       ||  1713
         Other             |       |       |       |       |       |     1 |   106 |    52 |    24 ||   183
         Form:             |       |       |     2 |       |       |       |     2 |     2 |     3 ||     9
         Blade             |       |       |     2 |       |       |       |       |       |       ||     2
         Statue            |       |       |       |       |       |     1 |     2 |     1 |     3 ||     7

Table legend: (Time is in decaauts)
 A = Elapsed time spent in this place.
 B = Non-inter-level travel time spent in this place.
 C = Inter-level travel time spent in this place.
 D = Time resting spent in this place.
 E = Time spent auto-exploring this place.
 F = Levels seen in this place.
 G = Mean time per level.
                   A        B        C        D        E       F      G
               +--------+--------+--------+--------+--------+-----+--------+
         Total | 160896 | 149644 |  11252 |  85778 |  31542 |  54 | 2979.6 |
       Dungeon |  32809 |  28567 |   4242 |  14575 |   8982 |  15 | 2187.3 |
          Lair |  17437 |  15839 |   1598 |   9223 |   3594 |   5 | 3487.4 |
        Shoals |  13127 |  12882 |    245 |   8032 |   2715 |   4 | 3281.8 |
   Spider Nest |  14397 |  14045 |    352 |   8021 |   3478 |   4 | 3599.2 |
    Slime Pits |   8201 |   7412 |    789 |   3756 |   1721 |   5 | 1640.2 |
  Orcish Mines |   7081 |   6676 |    405 |   4778 |    992 |   2 | 3540.5 |
   Elven Halls |  10346 |  10064 |    282 |   6441 |   1061 |   3 | 3448.7 |
        Vaults |  24917 |  23821 |   1096 |  12687 |   4387 |   5 | 4983.4 |
        Depths |  15414 |  14288 |   1126 |   8764 |   2337 |   4 | 3853.5 |
           Zot |  16729 |  15617 |   1112 |   9390 |   2178 |   5 | 3345.8 |
        Bazaar |    108 |    108 |      0 |      0 |     56 |   1 |  108.0 |
       Ossuary |    324 |    324 |      0 |    109 |     39 |   1 |  324.0 |
               +--------+--------+--------+--------+--------+-----+--------+

Top non-repeatable levels by time:
Vaults:2: 6270 daAuts
Vaults:4: 6203 daAuts
    D:13: 5719 daAuts
Spider:1: 5620 daAuts
Depths:1: 5498 daAuts
Vaults:1: 5210 daAuts
   Orc:2: 5069 daAuts
   Zot:2: 4712 daAuts
Vaults:3: 4612 daAuts
   Elf:3: 4483 daAuts
Depths:2: 4447 daAuts
   Zot:3: 4189 daAuts
Shoals:4: 4036 daAuts
   Zot:5: 4003 daAuts
Spider:4: 3990 daAuts
